 Dungeon Crawl Stone Soup version 0.22-a0-265-g0d8bc90 (webtiles) character file.

8425 Autsider the Archer (level 11, -20/102 HPs)
             Began as a Centaur Hunter on Mar 5, 2018.
             Was a High Priest of Okawaru.
             Hit by a large rock thrown by a cyclops (27 damage)
             ... on level 10 of the Dungeon on Mar 6, 2018.
             The game lasted 00:26:32 (10387 turns).

Autsider the Archer (Centaur Hunter)               Turns: 10387, Time: 00:26:34

Health: -20/102    AC: 11    Str: 18    XL:     11   Next: 9%
Magic:  11/11      EV:  6    Int: 10    God:    Okawaru [*****.]
Gold:   434        SH:  0    Dex: 15    Spells: 10/10 levels left

rFire    . . .     SeeInvis .   t - +10 rapier "Faemypp" {elec, Str+3}
rCold    . . .     Gourm    .   (no shield)
rNeg     . . .     Faith    .   w - +1 chain mail
rPois    .         Spirit   .   (helmet restricted)
rElec    .         Reflect  .   (no cloak)
rCorr    .         Harm     .   q - +0 pair of gloves
MR       .....                  (no barding)
Stlth    ..........             (no amulet)
HPRegen  0.27/turn              i - ring of stealth
MPRegen  0.12/turn              (no ring)

@: very quick
A: large, hooves 3, horns 1, slimy green scales 1, agile 1, deformed body, speed
2, tough skin 3
a: Heroism, Finesse, Renounce Religion


You were on level 10 of the Dungeon.
You worshipped Okawaru.
Okawaru was extremely pleased with you.
You were not hungry.

You visited 2 branches of the dungeon, and saw 11 of its levels.

You collected 434 gold pieces.

Inventory:

Hand Weapons
 a - a +1 shortbow
 b - a +0 short sword
 g - a +0 blowgun
 m - a +2 dagger of venom
 p - a +1 whip of draining
 t - the +10 rapier "Faemypp" (weapon) {elec, Str+3}
   (You found it on level 6 of the Dungeon)

   Occasionally, upon striking a foe, it will discharge some electrical energy
   and cause terrible harm.
   It affects your strength (+3).
Missiles
 d - 105 arrows (quivered)
 j - 42 poisoned needles
Armour
 c - a +0 leather armour
 e - a cursed +0 robe
 q - a +0 pair of gloves (worn)
 w - a +1 chain mail (worn)
 K - a +0 plate armour
Jewellery
 i - a ring of stealth (left hand)
 L - a +2 ring of evasion {unknown}
Wands
 x - a wand of enslavement (13)
 y - a wand of polymorph (17)
 J - a wand of scattershot (3)
Scrolls
 h - 9 scrolls of remove curse
 k - 2 scrolls of teleportation
 l - a scroll of random uselessness {unknown}
 n - 8 scrolls of identify
 o - a scroll of magic mapping {unknown}
 s - 2 scrolls of blinking {unknown}
 u - 2 scrolls of enchant armour
 v - 2 scrolls of amnesia {unknown}
 G - a scroll of enchant weapon {unknown}
 H - a scroll of noise {unknown}
Potions
 r - 4 potions of might
 z - a potion of brilliance {unknown}
 A - a potion of resistance {unknown}
 B - 3 potions of heal wounds
 C - a potion of agility
 D - 3 potions of curing {unknown}
 E - 2 potions of haste
 F - 2 potions of degeneration {unknown}
Comestibles
 f - 23 rations
 I - 13 chunks of flesh


   Skills:
 + Level 11.4 Fighting
 + Level 4.9 Short Blades
 - Level 14.3 Bows
 - Level 2.1 Armour
 - Level 2.7 Dodging
 - Level 0.4 Stealth


You had 10 spell levels left.
You didn't know any spells.

Dungeon Overview and Level Annotations

Branches:
Dungeon (10/15)            Temple (1/1) D:4             Orc (0/2) D:9
   Lair: D:8-11

Altars:
Ashenzari
Cheibriados
Dithmenos
Elyvilon
Fedhas
Gozag
Hepliaklqana
Kikubaaqudgha
Makhleb
Nemelex Xobeh
Okawaru
Qazlal
Ru
Sif Muna
Trog
Uskayaw
Vehumet
Wu Jian
Xom
Yredelemnul
Zin
The Shining One

Shops:
D:7 [(=*

Annotations:
D:5 exclusion: downstairs, Menkaure
D:8 exclusion: downstairs


Innate Abilities, Weirdness & Mutations

You have hooves in place of feet.
Armour fits poorly on your strangely shaped body.
You cover ground very quickly.
You have extremely tough skin. (AC +3)
You have a pair of small horns on your head.
You are partially covered in slimy green scales. (AC +2)
You are agile. (Dex +2)


Message History

You are too injured to fight recklessly!
You are too injured to fight recklessly!
You hit the hornet simulacrum.
Lightning courses through the hornet simulacrum!
The hornet simulacrum vapourises!
Okawaru accepts your kill.
Really walk into that cloud of freezing vapour? [Y]es or [N]o only, please.
Really walk into that cloud of freezing vapour?
Okay, then.
Unknown command.
Unknown command.
Unknown command.
Your surroundings suddenly seem different.
An ice beast and a cyclops come into view.
The cyclops throws a large rock.
The large rock hits you!!
* * * LOW HITPOINT WARNING * * *
You see here a large rock.
The cyclops throws a large rock.
The large rock hits you!!
You die...

#.....##..........#
#.....##......#####
......##.......#
......####..##.## .##..##
##.###..###
#..###..####...#
........#....#.########+
.....##.#...............
..##.........@.(....#
...........##..#....###..
..........##............#
#####.$...#........##....
#............Y...... ...
#..##..(...........### #.
##..##.C......[.# .
##.....##........##
#...#.. #.........#.


You could see a cyclops and an ice beast.

Vanquished Creatures
  A hydra (D:8)
  2 two-headed ogres
  Pikel (D:4)
  A polar bear (D:10)
  Prince Ribbit (D:6)
  2 dream sheep (D:8)
  3 yaks
  A hungry ghost (D:9)
  A water moccasin (D:9)
  4 orc warriors
  Duvessa (D:7)
  6 ice beasts
  2 sky beasts
  A black bear (D:8)
  A phantom (D:4)
  3 ogres
  6 centaurs
  4 big kobolds
  Dowan (D:7)
  A hornet simulacrum (D:10)
  2 scorpions
  4 killer bees (D:7)
  6 wights
  4 crimson imps
  A jelly (D:6)
  A centaur skeleton (D:4)
  5 hounds
  15 orc wizards
  8 orc priests
  A bullfrog skeleton (D:5)
  4 iguanas
  6 worker ants
  A hound skeleton (D:5)
  A worker ant zombie (D:8)
  7 gnolls
  A howler monkey skeleton (D:6)
  11 adders
  An ufetubus (D:10)
  An adder skeleton (D:5)
  An adder zombie (D:9)
  2 worms (D:2)
  A dart slug (D:3)
  3 leopard geckos
  44 orcs
  7 bats
  9 giant cockroaches
  7 hobgoblins
  10 jackals
  15 kobolds
  6 quokkas
  4 ball pythons
  3 frilled lizards
  9 goblins
  A leopard gecko skeleton (D:8)
  11 rats
256 creatures vanquished.

Vanquished Creatures (others)
  A slave (D:4)
  An orc (D:4)
2 creatures vanquished.

Grand Total: 258 creatures vanquished

Notes
Turn   | Place    | Note
-------+----------+-------------------------------------------
     0 | D:1      | Autsider the Centaur Hunter began the quest for the Orb.
     0 | D:1      | Reached XP level 1. HP: 17/17 MP: 1/1
    54 | D:1      | Reached XP level 2. HP: 25/25 MP: 2/2
   696 | D:2      | Reached skill level 6 in Bows
   696 | D:2      | Reached XP level 3. HP: 30/30 MP: 3/3
   728 | D:2      | Found a blossoming altar of Fedhas.
  1054 | D:2      | Found a glowing silver altar of Zin.
  1213 | D:2      | Reached XP level 4. HP: 33/38 MP: 4/4
  2415 | D:3      | Found a hazy altar of Hepliaklqana.
  2501 | D:4      | Reached skill level 7 in Bows
  2501 | D:4      | Reached XP level 5. HP: 41/46 MP: 5/5
  2553 | D:4      | Found a staircase to the Ecumenical Temple.
  2669 | D:4      | Reached XP level 6. HP: 47/53 MP: 6/6
  2717 | Temple   | Entered the Ecumenical Temple
  2887 | Temple   | Upgraded the game from 0.22-a0-259-gdd11e71 to 0.22-a0-265-g0d8bc90
  2906 | Temple   | Became a worshipper of Warmaster Okawaru
  3046 | D:4      | Noticed a slave
  3047 | D:4      | Noticed a slave
  3049 | D:4      | Noticed Pikel
  3049 | D:4      | Noticed a slave
  3064 | D:4      | Noticed a slave
  3193 | D:4      | Killed Pikel
  3193 | D:4      | Reached * piety under Okawaru
  3193 | D:4      | Reached skill level 9 in Bows
  3193 | D:4      | Reached XP level 7. HP: 14/63 MP: 7/7
  3230 | D:5      | Entered Level 5 of the Dungeon
  3503 | D:4      | Reached ** piety under Okawaru
  4243 | D:5      | Noticed Menkaure
  4299 | D:4      | Reached skill level 10 in Bows
  4617 | D:5      | Reached XP level 8. HP: 61/71 MP: 8/8
  5143 | D:6      | Noticed Prince Ribbit
  5208 | D:6      | Reached *** piety under Okawaru
  5208 | D:6      | Reached skill level 11 in Bows
  5441 | D:6      | Got an encrusted rapier
  5442 | D:6      | Identified the +10 rapier "Faemypp" {elec, Str+3} (You found it on level 6 of the Dungeon)
  5751 | D:6      | Gained mutation: You are weak. (Str -2) [potion of mutation]
  5751 | D:6      | Gained mutation: You have a pair of small antennae on your head. [potion of mutation]
  5751 | D:6      | Gained mutation: You are partially covered in slimy green scales. (AC +2) [potion of mutation]
  5762 | D:6      | Lost mutation: You are weak. (Str -2) [potion of mutation]
  5762 | D:6      | Lost mutation: You have a pair of small antennae on your head. [potion of mutation]
  5762 | D:6      | Gained mutation: You are agile. (Dex +2) [potion of mutation]
  5762 | D:6      | Gained mutation: You have a pair of small horns on your head. [potion of mutation]
  5891 | D:6      | Killed Prince Ribbit
  5891 | D:6      | Reached skill level 12 in Bows
  5891 | D:6      | Reached XP level 9. HP: 51/82 MP: 9/9
  6041 | D:6      | Found an opulent altar of Gozag.
  6041 | D:6      | Found a burning altar of Makhleb.
  6068 | D:6      | Found a shattered altar of Ashenzari.
  6454 | D:7      | Found Ihoeqi's Jewellery Boutique.
  6461 | D:7      | Found Fenavic's Weapon Boutique.
  6550 | D:7      | Reached **** piety under Okawaru
  6550 | D:7      | Received a gift from Okawaru
  6602 | D:7      | HP: 4/83 [poisoned by a killer bee]
  6949 | D:7      | Found Keupteh's Antique Armour Emporium.
  7063 | D:7      | Noticed Duvessa
  7063 | D:7      | Noticed Dowan
  7067 | D:7      | Killed Duvessa
  7069 | D:7      | Found a snail-covered altar of Cheibriados.
  7070 | D:7      | Killed Dowan
  7239 | D:7      | Found Ugyn's General Store.
  7625 | D:8      | Reached skill level 13 in Bows
  7697 | D:8      | Found a shattered altar of Ashenzari.
  7697 | D:8      | Found a basalt altar of Yredelemnul.
  7928 | D:8      | Reached skill level 1 in Armour
  7936 | D:8      | Reached XP level 10. HP: 58/93 MP: 10/10
  7940 | D:8      | Reached skill level 10 in Fighting
  8237 | D:8      | Noticed a two-headed hydra
  8244 | D:8      | Killed a two-headed hydra
  8244 | D:8      | Reached ***** piety under Okawaru
  8244 | D:8      | Received a gift from Okawaru
  8339 | D:8      | Noticed a two-headed ogre
  8467 | D:8      | Killed a two-headed ogre
  8467 | D:8      | Received a gift from Okawaru
  8467 | D:8      | Reached skill level 1 in Short Blades
  8467 | D:8      | Reached skill level 14 in Bows
  9114 | D:9      | Noticed a two-headed ogre
  9132 | D:9      | Killed a two-headed ogre
  9543 | D:9      | Received a gift from Okawaru
  9900 | D:9      | Found a shadowy altar of Dithmenos.
 10038 | D:9      | Found a staircase to the Orcish Mines.
 10211 | D:10     | Entered Level 10 of the Dungeon
 10230 | D:10     | Reached XP level 11. HP: 93/102 MP: 11/11
 10335 | D:10     | Noticed a death yak
 10366 | D:10     | Noticed a two-headed ogre
 10387 | D:10     | Hit by a large rock thrown by a cyclops

Vault maps used:
D:1:      dpeg_arrival_rhombi, minmay_split_cup_small
D:2:      overflow_temple_1_default, hangedman_feature_mirror,
          corexii_leaking_fountain, lemuel_tele_altar
D:3:      lemuel_coloured_pillars_altar, first_ration, serial_corexii_hall,
          corexii_hall_statues_t, corexii_hall_statues_x
D:4:      minmay_temple_entry_crystal_x, grunt_decor_arrowhead, minivault_14,
          uniq_pikel
D:5:      uniq_menkaure
D:6:      gammafunk_temple_overflow_wave, evilmike_ruin_ashenzari,
          uniq_prince_ribbit1
D:7:      serial_shops, nicolae_shop_crystal, shop, nicolae_shop_stone, shop,
          basic_altar, uniq_duvessa
D:8:      gammafunk_temple_overflow_statue, hangedman_ranch
D:9:      david_orc_3, basic_altar
D:10:     serial_shops, nicolae_shop_behind_doors, serial_ice, serial_ice_e,
          serial_ice_d, serial_ice_h, serial_ice_g, serial_ice_a, serial_ice_m,
          serial_ice_j, serial_ice_f, serial_ice_o, serial_ice_b,
          hangedman_incinerator
Temple:   eino_temple_rhombus

Skill      XL: |  1  2  3  4  5  6  7  8  9 10 |
---------------+-------------------------------+-----
Bows           | 6 7 9 10 12 13 14 | 14.3
Fighting       | 3 4 6 8 9 11 | 11.4
Armour         | 1 2 |  2.1
Dodging        | 2 |  2.7
Short Blades   | 4 |  4.9
Stealth        | |  0.4

Action                   |  1- 3 |  4- 6 |  7- 9 | 10-12 || total
-------------------------+-------+-------+-------+-------++-------
Melee: Whip              |       |   141 |   156 |       ||   297
       Kick              |       |    26 |    82 |     8 ||   116
       Rapier            |       |       |   151 |    20 ||   171
       Headbutt          |       |       |    10 |     4 ||    14
 Fire: Shortbow          |   128 |    19 |    15 |   355 ||   517
       Blowgun           |       |    20 |       |       ||    20
Invok: Heroism           |       |       |     1 |       ||     1
  Use: Potion            |       |     1 |     4 |     1 ||     6
       Scroll            |       |       |       |     3 ||     3
  Eat: Chunk             |       |     5 |    13 |     3 ||    21
       Ration            |       |       |       |     1 ||     1
Armor: Leather armour    |    15 |    33 |       |       ||    48
       Skin              |       |     4 |       |       ||     4
       Chain mail        |       |    53 |   198 |    52 ||   303
Dodge: Dodged            |     9 |    47 |    55 |    22 ||   133

Table legend:
 A = Spawn XP
 B = Non-spawn XP
 C = Spawn XP percentage of total XP
 D = Spawn monster count
 E = Non-spawn monster count
 F = Spawn count percentage of total count
 G = Total turns spent on level
                    A         B        C        D         E        F      G
               +---------+---------+-------+---------+---------+-------+---------
         Total |       0 |   12036 |   0.0 |       0 |     256 |   0.0 | 10387
               +---------+---------+-------+---------+---------+-------+---------
           D:1 |       0 |      27 |   0.0 |       0 |      16 |   0.0 |   659
           D:2 |       0 |      75 |   0.0 |       0 |      30 |   0.0 |   837
           D:3 |       0 |      61 |   0.0 |       0 |      25 |   0.0 |   990
           D:4 |       0 |    1192 |   0.0 |       0 |      29 |   0.0 |  1550
           D:5 |       0 |     653 |   0.0 |       0 |      27 |   0.0 |   948
           D:6 |       0 |    1217 |   0.0 |       0 |      26 |   0.0 |  1264
           D:7 |       0 |     993 |   0.0 |       0 |      28 |   0.0 |  1073
           D:8 |       0 |    3773 |   0.0 |       0 |      24 |   0.0 |  1713
           D:9 |       0 |    2954 |   0.0 |       0 |      39 |   0.0 |   971
          D:10 |       0 |    1091 |   0.0 |       0 |      12 |   0.0 |   176
               +---------+---------+-------+---------+---------+-------+---------
